TOP OF THE 1ST |
Salinas Fire Frogs batting - Pitching for Stockton Mariners : RHP Joe McClain
|
Pitching: RHP Joe McClain
|
|
Batting: RHB Bobby Morin
|
0-0: Ball 1-0: Called Strike 1-1: Fly out, F6 (Line Drive, 6, EV 73.1 MPH)
|
Batting: LHB Daryl Pitts
|
0-0: Ball 1-0: Fly out, F8 (Flyball, 8LM, EV 94.4 MPH)
|
Batting: RHB Kevin Mitchell
|
0-0: SINGLE (Line Drive, 9S, EV 111.3 MPH)
|
Batting: RHB Bruce Morrison
|
0-0: Called Strike 0-1: Swinging Strike 0-2: Ground out U3 (Groundball, 3S, EV 91.9 MPH)
|
Top of the 1st over - 0 runs, 1 hit, 0 errors, 1 left on base; Salinas 0 - Stockton 0 |
BOTTOM OF THE 1ST |
Stockton Mariners batting - Pitching for Salinas Fire Frogs : RHP Francisco Baeza
|
Pitching: RHP Francisco Baeza
|
|
Batting: LHB Harold Perkins
|
0-0: Ball 1-0: Foul Ball, location: 2F 1-1: Ball 2-1: Ball 3-1: SINGLE (Groundball, 4M, EV 99.4 MPH) (infield hit)
|
Batting: LHB Victor Gavidia
|
0-0: Called Strike 0-1: DOUBLE (Line Drive, 7LM, EV 100.0 MPH) Harold Perkins to third
|
Batting: SHB Eddie Tanner
|
0-0: Ball 1-0: Ball 2-0: Foul Ball, location: 2F 2-1: Ball 3-1: Fly out, F8 (Line Drive, 8LD, EV 88.8 MPH) Runner from 3rd tags up, SCORES, no throw by CF
|
Batting: LHB David Cawthon
|
0-0: Ball 1-0: Ball Victor Gavidia steals 3rd base (no throw) 2-0: Called Strike 2-1: Reached via error on a dropped throw from 2B, E3 (Groundball, 4, EV 78.8 MPH) Victor Gavidia scores
|
Batting: LHB Joe Perna
|
0-0: Ball 1-0: Ball 2-0: Called Strike 2-1: Called Strike 2-2: Ball 3-2: Base on Balls David Cawthon to second
|
Batting: LHB Marty Pevey
|
0-0: Ball 1-0: Swinging Strike 1-1: Ball 2-1: Foul Ball, location: 2F 2-2: Ball 3-2: Fly out, F5 (Flyball, 5D, EV 85.6 MPH)
|
Batting: RHB Robert Silverman
|
0-0: Foul Ball, location: 2F 0-1: Swinging Strike 0-2: Ball 1-2: Ball 2-2: Strikes out looking
|
Bottom of the 1st over - 2 runs, 2 hits, 1 error, 2 left on base; Salinas 0 - Stockton 2 |
TOP OF THE 2ND |
Salinas Fire Frogs batting - Pitching for Stockton Mariners : RHP Joe McClain
|
Batting: LHB Raymond Smith
|
0-0: Ball 1-0: Ball 2-0: Ball 3-0: Base on Balls
|
Batting: SHB Terry Raley
|
0-0: Ball 1-0: Foul Ball, location: 2F 1-1: Ball 2-1: Fly out, F8 (Flyball, 8RD, EV 86.9 MPH)
|
Batting: LHB Charles McGehee
|
0-0: Ball 1-0: Foul Ball, location: 2F 1-1: Swinging Strike 1-2: Fly out, F8 (Flyball, 8LXD, EV 104.4 MPH)
|
Batting: RHB Ramon Jimenez
|
0-0: Swinging Strike 0-1: Foul Ball, location: 2F 0-2: Ball 1-2: Reached on error, E6 (Groundball, 6, EV 83.8 MPH) Raymond Smith to second
|
Batting: RHB Timothy Hume
|
0-0: Called Strike 0-1: Foul Ball, location: 2F 0-2: Strikes out looking
|
Top of the 2nd over - 0 runs, 0 hits, 1 error, 2 left on base; Salinas 0 - Stockton 2 |
BOTTOM OF THE 2ND |
Stockton Mariners batting - Pitching for Salinas Fire Frogs : RHP Francisco Baeza
|
Batting: RHB Frederick Lagergren
|
0-0: Called Strike 0-1: Foul Ball, location: 2F 0-2: Foul Ball, location: 2F 0-2: Ball 1-2: Strikes out swinging
|
Batting: RHB Brian Greer
|
0-0: Called Strike 0-1: Ground out U3 (Groundball, 3, EV 81.3 MPH)
|
Batting: LHB Harold Perkins
|
0-0: SINGLE (Groundball, 25, EV 60.6 MPH) (infield hit)
|
Batting: LHB Victor Gavidia
|
0-0: Fly out, F3 (Popup, 3F, EV 58.8 MPH)
|
Bottom of the 2nd over - 0 runs, 1 hit, 0 errors, 1 left on base; Salinas 0 - Stockton 2 |
TOP OF THE 3RD |
Salinas Fire Frogs batting - Pitching for Stockton Mariners : RHP Joe McClain
|
Batting: RHB Bobby Morin
|
0-0: Called Strike 0-1: Foul Ball, location: 2F 0-2: Ball 1-2: Ball 2-2: SINGLE (Groundball, 4MD, EV 94.4 MPH)
|
Batting: LHB Daryl Pitts
|
0-0: Swinging Strike 0-1: SINGLE (Groundball, 56D, EV 102.5 MPH) Bobby Morin to second Runner from 2nd tries for 3rd, SAFE, no throw by LF
|
Batting: RHB Kevin Mitchell
|
0-0: Called Strike 0-1: Ball 1-1: Foul Ball, location: 2F 1-2: Foul Ball, location: 2F 1-2: Ball 2-2: Fielders Choice at 2nd, 4-6 (Groundball, 34, EV 86.3 MPH) Bobby Morin scores
|
Batting: RHB Bruce Morrison
|
0-0: Called Strike 0-1: Foul Ball, location: 2F 0-2: Ball 1-2: Foul Ball, location: 2F 1-2: Foul Ball, location: 2F 1-2: Foul Ball, location: 2F 1-2: SINGLE (Groundball, 3D, EV 100.0 MPH) Kevin Mitchell to second Runner from 2nd tries for 3rd, SAFE, throw by RF made to third
|
Batting: LHB Raymond Smith
|
0-0: Ball 1-0: Ball 2-0: Swinging Strike 2-1: Foul Ball, location: 2F 2-2: Ball 3-2: Base on Balls Bruce Morrison to second
|
Batting: SHB Terry Raley
|
0-0: Ball 1-0: Ball Balk! Kevin Mitchell scores Bruce Morrison to third Raymond Smith to second 2-0: Called Strike 2-1: Foul Ball, location: 2F 2-2: Ball 3-2: TRIPLE (Flyball, 8LXD, EV 99.4 MPH) Bruce Morrison scores Raymond Smith scores
|
Batting: LHB Charles McGehee
|
0-0: Foul Ball, location: 2F 0-1: Swinging Strike 0-2: Strikes out swinging
|
Batting: RHB Ramon Jimenez
|
0-0: Swinging Strike 0-1: Foul Ball, location: 2F 0-2: Ball 1-2: Ground out 4-3 (Groundball, 4, EV 83.1 MPH)
|
Top of the 3rd over - 4 runs, 4 hits, 0 errors, 1 left on base; Salinas 4 - Stockton 2 |
BOTTOM OF THE 3RD |
Stockton Mariners batting - Pitching for Salinas Fire Frogs : RHP Francisco Baeza
|
Batting: SHB Eddie Tanner
|
0-0: Ball 1-0: Ball 2-0: Called Strike 2-1: Ball 3-1: Called Strike 3-2: Foul Ball, location: 2F 3-2: Foul Ball, location: 2F 3-2: Foul Ball, location: 2F 3-2: Foul Ball, location: 2F 3-2: Base on Balls
|
Batting: LHB David Cawthon
|
0-0: Called Strike 0-1: Called Strike 0-2: Ball 1-2: Foul Ball, location: 2F 1-2: Ball 2-2: Foul Ball, location: 2F 2-2: SINGLE (Line Drive, 89S, EV 103.8 MPH) Eddie Tanner to second
|
Batting: LHB Joe Perna
|
0-0: SINGLE (Groundball, 4S, EV 65.6 MPH) (infield hit) Eddie Tanner to third David Cawthon to second
|
Batting: LHB Marty Pevey
|
0-0: GRAND SLAM HOME RUN (Flyball, 9D, EV 104.4 MPH), Distance : 401 ft
|
Batting: RHB Robert Silverman
|
0-0: SINGLE (Groundball, 34S, EV 70.0 MPH) (infield hit)
|
Batting: RHB Frederick Lagergren
|
0-0: Ball 1-0: Fly out, F9 (Flyball, 89M, EV 87.5 MPH)
|
Batting: RHB Brian Greer
|
0-0: Ball 1-0: Grounds into double play, 6-4-3 (Groundball, 6, EV 98.8 MPH)
|
Bottom of the 3rd over - 4 runs, 4 hits, 0 errors, 0 left on base; Salinas 4 - Stockton 6 |
TOP OF THE 4TH |
Salinas Fire Frogs batting - Pitching for Stockton Mariners : RHP Joe McClain
|
Batting: RHB Timothy Hume
|
0-0: Ball 1-0: Called Strike 1-1: Ball 2-1: Swinging Strike 2-2: Ball 3-2: Base on Balls
|
Batting: RHB Bobby Morin
|
0-0: Called Strike 0-1: Swinging Strike 0-2: Foul Ball, location: 2F 0-2: Fielders Choice at 2nd, 4-6 (Groundball, 4, EV 80.6 MPH)
|
Batting: LHB Daryl Pitts
|
0-0: Ball 1-0: Ball 2-0: Called Strike 2-1: Called Strike 2-2: Grounds into double play, 6-4-3 (Groundball, 6, EV 100.0 MPH)
|
Top of the 4th over - 0 runs, 0 hits, 0 errors, 0 left on base; Salinas 4 - Stockton 6 |
BOTTOM OF THE 4TH |
Stockton Mariners batting - Pitching for Salinas Fire Frogs : RHP Francisco Baeza
|
Batting: LHB Harold Perkins
|
0-0: Ball 1-0: Ball 2-0: Ground out 5-3 (Groundball, 56S, EV 76.9 MPH)
|
Batting: LHB Victor Gavidia
|
0-0: Ball 1-0: Ball 2-0: Foul Ball, location: 2F 2-1: Ball 3-1: Fly out, F8 (Flyball, 8LD, EV 73.1 MPH)
|
Batting: SHB Eddie Tanner
|
0-0: Ball 1-0: SINGLE (Groundball, 34D, EV 98.1 MPH)
|
Batting: LHB David Cawthon
|
0-0: Called Strike 0-1: Called Strike 0-2: Foul Ball, location: 2F 0-2: Foul Ball, location: 2F 0-2: Ball 1-2: Ball Wild Pitch! Eddie Tanner to second 2-2: Fly out, F8 (Line Drive, 8RD, EV 89.4 MPH)
|
Bottom of the 4th over - 0 runs, 1 hit, 0 errors, 1 left on base; Salinas 4 - Stockton 6 |
TOP OF THE 5TH |
Salinas Fire Frogs batting - Pitching for Stockton Mariners : RHP Joe McClain
|
Batting: RHB Kevin Mitchell
|
0-0: Ground out 6-3 (Groundball, 56, EV 83.1 MPH)
|
Batting: RHB Bruce Morrison
|
0-0: Swinging Strike 0-1: Ball 1-1: Ball 2-1: Ball 3-1: Foul Ball, location: 2F 3-2: Base on Balls
|
Batting: LHB Raymond Smith
|
0-0: Ball 1-0: Ball 2-0: Ball 3-0: Base on Balls Bruce Morrison to second
|
Batting: SHB Terry Raley
|
0-0: SINGLE (Line Drive, 89S, EV 90.6 MPH) Bruce Morrison to third Raymond Smith to second Runner from 3rd tries for Home, SAFE, throw by RF to home
|
Pitching: RHP Steve Green
|
|
Batting: LHB Charles McGehee
|
0-0: Called Strike 0-1: Ball 1-1: Foul Ball, location: 2F 1-2: Fly out, F4 (Popup, 4D, EV 66.3 MPH)
|
Batting: RHB Ramon Jimenez
|
0-0: Ball 1-0: Ball 2-0: Ball 3-0: Called Strike 3-1: SINGLE (Line Drive, 8LS, EV 86.3 MPH) Raymond Smith to third Terry Raley to second Runner from 3rd tries for Home, SAFE, throw by CF to home
|
Batting: RHB Timothy Hume
|
0-0: Fly out, F9 (Flyball, 9LM, EV 85.6 MPH)
|
Top of the 5th over - 2 runs, 2 hits, 0 errors, 2 left on base; Salinas 6 - Stockton 6 |
BOTTOM OF THE 5TH |
Stockton Mariners batting - Pitching for Salinas Fire Frogs : RHP Francisco Baeza
|
Batting: LHB Joe Perna
|
0-0: Called Strike 0-1: Fly out, F9 (Flyball, 9, EV 85.6 MPH)
|
Batting: LHB Marty Pevey
|
0-0: Ball 1-0: Ball 2-0: Called Strike 2-1: Ground out 4-3 (Groundball, 4, EV 90.6 MPH)
|
Batting: RHB Robert Silverman
|
0-0: Ball 1-0: Swinging Strike 1-1: Ball 2-1: Foul Ball, location: 2F 2-2: Fly out, F9 (Flyball, 9, EV 81.9 MPH)
|
Bottom of the 5th over - 0 runs, 0 hits, 0 errors, 0 left on base; Salinas 6 - Stockton 6 |
TOP OF THE 6TH |
Salinas Fire Frogs batting - Pitching for Stockton Mariners : RHP Steve Green
|
Batting: RHB Bobby Morin
|
0-0: Ball 1-0: Foul Ball, location: 2F 1-1: Called Strike 1-2: Foul Ball, location: 2F 1-2: Ball 2-2: SINGLE (Groundball, 56S, EV 66.3 MPH) (infield hit)
|
Batting: LHB Daryl Pitts
|
0-0: Swinging Strike Bobby Morin is caught stealing 2nd base 2-6 0-1: Ground out 6-3 (Groundball, 6, EV 110.6 MPH)
|
Batting: RHB Kevin Mitchell
|
0-0: Fly out, F3 (Popup, 3SF, EV 88.8 MPH)
|
Top of the 6th over - 0 runs, 1 hit, 0 errors, 0 left on base; Salinas 6 - Stockton 6 |
BOTTOM OF THE 6TH |
Stockton Mariners batting - Pitching for Salinas Fire Frogs : RHP Francisco Baeza
|
Batting: RHB Frederick Lagergren
|
0-0: Ball 1-0: Fly out, F9 (Flyball, 89M, EV 83.8 MPH)
|
Batting: RHB Brian Greer
|
0-0: Ball 1-0: Foul Ball, location: 2F 1-1: SINGLE (Groundball, 6D, EV 98.1 MPH)
|
Batting: LHB Harold Perkins
|
0-0: Called Strike 0-1: Swinging Strike 0-2: Foul Ball, location: 2F 0-2: Ball 1-2: Ball Brian Greer steals 2nd base (no throw) 2-2: Ball 3-2: Intentional Walk
|
Batting: LHB Victor Gavidia
|
0-0: Ground out U3 (Groundball, 3S, EV 71.9 MPH) Brian Greer to third Harold Perkins to second
|
Batting: SHB Eddie Tanner
|
0-0: Intentional Walk
|
Batting: LHB David Cawthon
|
0-0: Ball 1-0: GRAND SLAM HOME RUN (Flyball, 9D, EV 108.8 MPH), Distance : 392 ft
|
Pitching: RHP David Wong
|
|
Batting: LHB Joe Perna
|
0-0: Ball 1-0: Swinging Strike 1-1: Ball 2-1: Ball 3-1: Base on Balls
|
Batting: LHB Marty Pevey
|
0-0: Ball 1-0: Called Strike 1-1: Ball 2-1: Ball 3-1: Swinging Strike 3-2: Foul Ball, location: 2F 3-2: Strikes out swinging
|
Bottom of the 6th over - 4 runs, 2 hits, 0 errors, 1 left on base; Salinas 6 - Stockton 10 |
TOP OF THE 7TH |
Salinas Fire Frogs batting - Pitching for Stockton Mariners : RHP Steve Green
|
Batting: RHB Bruce Morrison
|
0-0: Swinging Strike 0-1: SOLO HOME RUN (Flyball, 78XD, EV 96.9 MPH), Distance : 448 ft
|
Batting: LHB Raymond Smith
|
0-0: Ball 1-0: Ball 2-0: DOUBLE (Line Drive, 7LD, EV 108.1 MPH)
|
Batting: SHB Terry Raley
|
0-0: Ball 1-0: Swinging Strike 1-1: Foul Ball, location: 2F 1-2: DOUBLE (Line Drive, 89M, EV 96.3 MPH) Raymond Smith scores
|
Batting: LHB Charles McGehee
|
0-0: Ball 1-0: SINGLE (Line Drive, 9S, EV 105.6 MPH) Terry Raley to third
|
Batting: RHB Ramon Jimenez
|
0-0: Ball Charles McGehee steals 2nd base 1-0: Ball 2-0: Ball 3-0: Base on Balls
|
Pinch Hitting: RHB Willie Lozado
|
0-0: Ball 1-0: SINGLE (Groundball, 4, EV 103.8 MPH) Terry Raley scores Charles McGehee to third Ramon Jimenez to second Runner from 3rd tries for Home, SAFE, throw by CF to home
|
Pitching: RHP Kevin Hagen
|
|
Batting: RHB Bobby Morin
|
0-0: Ball 1-0: Sac Bunt to 25 - play at first, batter OUT! 5-4 Ramon Jimenez to third Willie Lozado to second
|
Batting: LHB Daryl Pitts
|
0-0: Swinging Strike 0-1: Swinging Strike 0-2: Foul Ball, location: 2F 0-2: Ball 1-2: Ball 2-2: Ball 3-2: Fly out, F6 (Popup, 6M, EV 53.1 MPH)
|
Batting: RHB Kevin Mitchell
|
0-0: Swinging Strike 0-1: Fly out, F7 (Line Drive, 7, EV 108.1 MPH)
|
Top of the 7th over - 4 runs, 5 hits, 0 errors, 2 left on base; Salinas 10 - Stockton 10 |
BOTTOM OF THE 7TH |
Stockton Mariners batting - Pitching for Salinas Fire Frogs : RHP David Wong
|
Now at 2B: Willie Lozado
|
|
Batting: RHB Robert Silverman
|
0-0: Ball 1-0: Swinging Strike 1-1: Ball 2-1: Swinging Strike 2-2: Foul Ball, location: 2F 2-2: Foul Ball, location: 2F 2-2: Ball 3-2: Base on Balls
|
Batting: RHB Frederick Lagergren
|
0-0: Ball 1-0: Ball 2-0: Fielders Choice at 2nd, 4-6 (Groundball, 4, EV 89.4 MPH)
|
Batting: RHB Brian Greer
|
0-0: Ball 1-0: Foul Ball, location: 2F 1-1: Fly out, F4 (Popup, 34, EV 73.8 MPH)
|
Batting: LHB Harold Perkins
|
0-0: Ball 1-0: Swinging Strike 1-1: Ground out U3 (Groundball, 3, EV 103.8 MPH)
|
Bottom of the 7th over - 0 runs, 0 hits, 0 errors, 1 left on base; Salinas 10 - Stockton 10 |
TOP OF THE 8TH |
Salinas Fire Frogs batting - Pitching for Stockton Mariners : RHP Kevin Hagen
|
Batting: RHB Bruce Morrison
|
0-0: Fly out, F4 (Line Drive, 4, EV 75.0 MPH)
|
Batting: LHB Raymond Smith
|
0-0: Swinging Strike 0-1: Ball 1-1: Ball 2-1: Swinging Strike 2-2: SINGLE (Line Drive, 9LS, EV 98.1 MPH)
|
Batting: SHB Terry Raley
|
Pickoff Throw to First - Out! 1-3 0-0: Ball 1-0: DOUBLE (Line Drive, 89M, EV 96.3 MPH)
|
Batting: LHB Charles McGehee
|
0-0: Ball 1-0: Called Strike 1-1: SINGLE (Line Drive, 8RS, EV 103.8 MPH) Terry Raley to third Runner from 3rd tries for Home, throw by CF and OUT! 8-2
|
Top of the 8th over - 0 runs, 3 hits, 0 errors, 1 left on base; Salinas 10 - Stockton 10 |
BOTTOM OF THE 8TH |
Stockton Mariners batting - Pitching for Salinas Fire Frogs : RHP David Wong
|
Batting: LHB Victor Gavidia
|
0-0: Called Strike 0-1: Swinging Strike 0-2: SINGLE (Line Drive, 9S, EV 108.8 MPH)
|
Batting: SHB Eddie Tanner
|
0-0: Called Strike 0-1: Ball 1-1: SINGLE (Groundball, 56D, EV 100.0 MPH) Victor Gavidia to second
|
Batting: LHB David Cawthon
|
0-0: Ball 1-0: Fly out, F2 (Popup, 3SF, EV 89.4 MPH)
|
Batting: LHB Joe Perna
|
0-0: Foul Ball, location: 2F 0-1: Fly out, F8 (Flyball, 8LM, EV 91.3 MPH)
|
Batting: LHB Marty Pevey
|
0-0: Ball 1-0: Ball 2-0: Fielders Choice at 2nd, 6-4 (Groundball, 6, EV 81.9 MPH)
|
Bottom of the 8th over - 0 runs, 2 hits, 0 errors, 2 left on base; Salinas 10 - Stockton 10 |
TOP OF THE 9TH |
Salinas Fire Frogs batting - Pitching for Stockton Mariners : RHP Kevin Hagen
|
Pitching: LHP Robert Alsup
|
|
Batting: RHB Ramon Jimenez
|
0-0: Swinging Strike 0-1: Foul Ball, location: 2F 0-2: Ball 1-2: SINGLE (Line Drive, 7S, EV 108.1 MPH)
|
Batting: RHB Willie Lozado
|
0-0: Called Strike 0-1: Ball 1-1: Ball 2-1: Ball 3-1: Foul Ball, location: 2F 3-2: SINGLE (Groundball, P, EV 84.4 MPH) (infield hit) Ramon Jimenez to second
|
Batting: RHB Bobby Morin
|
0-0: Bunted foul 0-1: Bunted foul 0-2: Ball 1-2: Foul Ball, location: 2F 1-2: Ball 2-2: 3-RUN HOME RUN (Flyball, 89XD, EV 91.9 MPH), Distance : 434 ft
|
Batting: LHB Daryl Pitts
|
0-0: Called Strike 0-1: Ball 1-1: Ball 2-1: Ball 3-1: Base on Balls
|
Batting: RHB Kevin Mitchell
|
0-0: Called Strike 0-1: Ball 1-1: Foul Ball, location: 2F 1-2: Grounds into double play, 6-4-3 (Groundball, 6, EV 106.3 MPH)
|
Batting: RHB Bruce Morrison
|
0-0: Fly out, F6 (Popup, 4M, EV 67.5 MPH)
|
Top of the 9th over - 3 runs, 3 hits, 0 errors, 0 left on base; Salinas 13 - Stockton 10 |
BOTTOM OF THE 9TH |
Stockton Mariners batting - Pitching for Salinas Fire Frogs : RHP David Wong
|
Now at SS: Manny Ramirez
|
|
Now in RF: Leon Doak
|
|
Batting: RHB Robert Silverman
|
0-0: Ball 1-0: Ground out 3-1 (Groundball, 34S, EV 80.0 MPH)
|
Batting: RHB Frederick Lagergren
|
0-0: Foul Ball, location: 2F 0-1: Ball 1-1: Ball 2-1: Ball 3-1: Called Strike 3-2: Foul Ball, location: 2F 3-2: Base on Balls
|
Batting: RHB Brian Greer
|
0-0: Called Strike 0-1: Ball 1-1: Fly out, F7 (Flyball, 7D, EV 81.9 MPH)
|
Batting: LHB Harold Perkins
|
0-0: SINGLE (Line Drive, 8LS, EV 101.9 MPH) Frederick Lagergren to second
|
Pinch Hitting: LHB Marvin Ward
|
0-0: Ball 1-0: Fly out, F7 (Line Drive, 7, EV 93.1 MPH)
|
Bottom of the 9th over - 0 runs, 1 hit, 0 errors, 2 left on base; Salinas 13 - Stockton 10 |
|